AoeStats
← tbzachary

Arena

508741489Analyzed
2v2 RM · 10d ago on Sep 23, 2026· 68m 41s· 4 players
Game mode
Random Map
Map size
Medium (4 player)
Population
200
Speed
Normal
Resources
Standard
Victory
Conquest
Starting age
Dark Age
Ending age
Imperial Age
RankedLock teamsTeams togetherTeam positionsShared explorationLock speedFull tech treeHidden civsTurbo modeCheats
Victory
Defeat
🇵🇱 Khmer · Poland
800
+16
🇵🇱 Poles · Poland
654
+22
🇺🇸 Bohemians · United States
811
-20
🇷🇴 Poles · Romania
771
-18
Scottish
10:08 Feudal Age
10:50 Double-Bit Axe
16:02 Castle Age
14:47 Gold Mining
19:25 Loom
20:03 Stone Mining
24:30 Wheelbarrow
25:29 Bow Saw
26:02 Bloodlines
26:37 Horse Collar
27:35 Fletching
27:50 Scale Barding Armor
28:33 Hand Cart
28:39 Town Watch
28:27 Light Cavalry
34:00 Imperial Age
31:42 Scale Mail Armor
31:44 Padded Archer Armor
32:40 Szlachta Privileges
33:33 Chain Barding Armor
33:25 Forging
34:52 Heavy Plow
35:58 Conscription
35:09 Cavalier
36:29 Winged Hussar
37:15 Husbandry
37:14 Bodkin Arrow
37:55 Iron Casting
38:25 Ballistics
38:17 Masonry
38:04 Murder Holes
39:13 Chemistry
38:24 Fortified Wall
38:38 Chain Mail Armor
39:51 Caravan
39:53 Elite Obuch
41:52 Blast Furnace
41:10 Leather Archer Armor
42:06 Stone Shaft Mining
42:16 Lechitic Legacy
42:40 Crop Rotation
44:33 Hoardings
44:08 Siege Engineers
44:37 Treadmill Crane
44:32 Elite Skirmisher
45:17 Thumb Ring
45:47 Plate Mail Armor
45:17 Bracer
47:56 Pikeman
48:36 Squires
48:22 Arson
56:50 Town Patrol
58:54 Bombard Tower
tbzachary
7:52 Loom
11:06 Feudal Age
11:37 Double-Bit Axe
11:34 Horse Collar
18:52 Castle Age
20:07 Bow Saw
21:27 Forging
21:23 Scale Barding Armor
21:27 Husbandry
22:36 Heavy Plow
24:24 Iron Casting
25:52 Ballistics
26:34 Chemistry
26:06 Caravan
27:57 Wheelbarrow
32:49 Imperial Age
31:41 Wagenburg Tactics
32:27 Chain Barding Armor
32:00 Fletching
32:11 Padded Archer Armor
32:44 Murder Holes
34:07 Hand Cart
34:02 Houfnice
38:04 Leather Archer Armor
37:45 Bodkin Arrow
38:51 Blast Furnace
38:12 Chain Barding Armor
37:19 Cavalier
51:58 Light Cavalry
63:12 Onager
66:39 Pikeman
67:19 Squires
67:25 Scale Mail Armor
67:26 Bracer
67:56 Ring Archer Armor
67:52 Halberdier
wrazle
0:46 Loom
12:22 Feudal Age
13:45 Wheelbarrow
12:58 Double-Bit Axe
13:30 Gold Mining
13:40 Stone Mining
19:49 Castle Age
21:24 Horse Collar
23:21 Bow Saw
27:03 Hand Cart
26:53 Heavy Plow
28:30 Fortified Wall
29:48 Stone Shaft Mining
29:50 Gold Shaft Mining
30:31 Masonry
31:31 Forging
31:21 Scale Mail Armor
31:27 Scale Barding Armor
36:34 Imperial Age
34:35 Caravan
35:41 Iron Casting
35:21 Chain Mail Armor
35:27 Chain Barding Armor
34:58 Fletching
35:08 Padded Archer Armor
34:33 Crossbowman
34:33 Elite Skirmisher
38:20 Crop Rotation
37:27 Pikeman
37:28 Man-at-Arms
37:31 Cavalier
37:31 Light Cavalry
38:12 Husbandry
38:22 Bloodlines
39:17 Blast Furnace
38:52 Plate Barding Armor
38:54 Ballistics
39:36 Chemistry
39:20 Architecture
39:06 Halberdier
40:28 Long Swordsman
41:30 Two-Handed Swordsman
47:05 Hussar
54:26 Elite Ballista Elephant
57:04 Leather Archer Armor
57:10 Double Crossbow
59:05 Heated Shot
mariuszz490
0:26 Loom
9:52 Feudal Age
11:27 Wheelbarrow
10:51 Double-Bit Axe
11:25 Horse Collar
21:04 Castle Age
19:12 Gold Mining
19:13 Stone Mining
21:18 Town Watch
22:17 Hand Cart
22:06 Caravan
22:37 Bow Saw
23:32 Stone Shaft Mining
26:13 Husbandry
26:24 Bloodlines
26:28 Heavy Plow
28:47 Fervor
30:16 Light Cavalry
31:01 Squires
31:47 Scale Barding Armor
31:52 Forging
31:42 Scale Mail Armor
33:16 Chain Barding Armor
34:20 Iron Casting
33:45 Scale Mail Armor
33:45 Padded Archer Armor
33:35 Fletching
38:19 Imperial Age
35:58 Town Patrol
36:13 Szlachta Privileges
39:39 Conscription
39:07 Cavalier
40:18 Onager
41:18 Devotion
42:21 Winged Hussar
44:46 Crop Rotation
44:30 Pikeman
48:28 Blast Furnace
47:43 Chain Mail Armor
47:18 Fletching
47:28 Padded Archer Armor
52:18 Chemistry
55:27 Lechitic Legacy
55:48 Ballistics
55:25 Murder Holes
55:11 Treadmill Crane
64:24 Chain Mail Armor
64:10 Padded Archer Armor
64:05 Bodkin Arrow
67:07 Hoardings
Connection lost

Rejoining the realm…

Still unreachable

The connection could not be restored.

Session expired

The server has moved on; the page needs a fresh start.